 Dungeon Crawl Stone Soup version 0.28.0-45-g0d030f2227 (webtiles) character file.

Game seed: 12849321697478000731

8 H0rd4k the Magician (level 2, 0/15 HPs)
             Began as a Deep Elf Hedge Wizard on Apr 1, 2022.
             Slain by a quokka (2 damage)
             ... on level 1 of the Dungeon.
             The game lasted 00:00:27 (375 turns).

H0rd4k the Magician (Deep Elf Hedge Wizard)          Turns: 375, Time: 00:00:28

Health: 0/15       AC:  2    Str:  7    XL:     2   Next: 0%
Magic:  3/9        EV: 13    Int: 18    God:
Gold:   10         SH:  0    Dex: 14    Spells: 9/10 levels left

rFire   . . .      SeeInvis .   a - +0 dagger
rCold   . . .      Faith    .   (no shield)
rNeg    . . .      Spirit   .   b - +0 robe
rPois   .          Reflect  .   c - +0 hat
rElec   .          Harm     .   (no cloak)
rCorr   .          Rampage  .   (no gloves)
Will    .....                   (no boots)
Stlth   ++........              (no amulet)
HPRegen 0.05/turn               (no ring)
MPRegen 0.11/turn               (no ring)

@: no status effects
A: no striking features
a: no special abilities


You were on level 1 of the Dungeon.
You visited 1 branch of the dungeon, and saw 1 of its levels.

You collected 10 gold pieces.

Inventory:

Hand Weapons
 a - a +0 dagger (weapon)
Armour
 b - a +0 robe (worn)
 c - a +0 hat (worn)
Scrolls
 d - a scroll of blinking {unknown}


   Skills:
 + Level 3.1 Dodging
 - Level 2.4 Stealth
 + Level 4.6 Spellcasting
 + Level 1.1 Conjurations
 + Level 1.1 Summonings
 + Level 1.1 Translocations


You had 9 spell levels left.
You knew the following spells:

 Your Spells              Type           Power      Damage    Failure   Level
a - Magic Dart            Conj           32%        1d4       9%          1

Your spell library contained the following spells:

 Spells                   Type           Power      Damage    Failure   Level
 Blink                    Tloc           16%        N/A       13%         2
 Call Imp                 Summ           8%         N/A       13%         2
 Slow                     Hex            16%        N/A       14%         1
 Conjure Flame            Conj/Fire      6%         6-21      32%         3
 Mephitic Cloud           Conj/Pois/Air  5%         N/A       34%         3


Dungeon Overview and Level Annotations

Branches:
Dungeon (1/15)

Altars:


Message History

You kill the frilled lizard!
You can't see any susceptible monsters within range! (Use Z to cast anyway.)
You can't see any susceptible monsters within range! (Use Z to cast anyway.)
You can't see any susceptible monsters within range! (Use Z to cast anyway.)
You see here a ball python corpse.
A hobgoblin comes into view.
A hobgoblin is nearby!
A hobgoblin is nearby!
A hobgoblin is nearby!
You miscast Magic Dart.
You are very lightly contaminated with residual magic.
Nothing appears to happen.
The hobgoblin shouts!
You hear a shout!
A quokka comes into view.
A hobgoblin comes into view.
The magic dart hits the hobgoblin.
The hobgoblin is lightly wounded.
The magic dart hits the quokka but does no damage.
The magic dart hits the quokka but does no damage.
The quokka bites you.
The magic dart hits the quokka but does no damage.
The quokka bites you.
The magic dart hits the hobgoblin.
The hobgoblin is moderately wounded.
The hobgoblin closely misses you.
The quokka bites you but does no damage.
The magic dart hits the hobgoblin.
You kill the hobgoblin!
The quokka barely misses you.
A rat comes into view.
Your magical contamination has completely faded away.
Your Dodging skill increases to level 3!
You have reached level 2!
The quokka closely misses you.
You see here a frilled lizard corpse.
The quokka bites you. The quokka bites you.
* * * LOW HITPOINT WARNING * * *
You see here 4 atropa-tipped darts.
The quokka bites you.
You die...

## #..>.....#PPP#............
#.......##≈≈≈##...........
#.......+..<..+....####...#
#.......##♣.♣##....# #...#
#######.###'###.#.## #...# ##
#.##......#.# #...# .#
#.##.#..###.# #...### .######
#.##.#..###.# #.....# .##...##
#......@r.(.#####.....##
.......######.####.g.r...........
.##...........# #.###†..#...†...
.############## #.#...##........
## #.#.#.##......##
#.#...##......# #.......#..#..#
#.............# ###...##.#..####


You could see a quokka, a hobgoblin and a rat.

Vanquished Creatures
  2 endoplasms (D:1)
  A hobgoblin (D:1)
  3 ball pythons (D:1)
  A frilled lizard (D:1)
  A rat (D:1)
8 creatures vanquished.

Notes
Turn   | Place    | Note
-------+----------+-------------------------------------------
     0 | D:1      | H0rd4k the Deep Elf Hedge Wizard began the quest for the
                  | Orb.
     0 | D:1      | Reached XP level 1. HP: 10/10 MP: 7/7
   359 | D:1      | Reached XP level 2. HP: 11/15 MP: 1/9
   375 | D:1      | Slain by a quokka

Illustrated notes

Levels and vault maps discovered:
D:1:      tarquinn_simple_flora_water_e, layout_loops_cross

Skill      XL: |  1 |
---------------+----+-----
Dodging        | 3 |  3.1
Stealth        | |  2.4
Spellcasting   | |  4.6
Conjurations   | |  1.1
Summonings     | |  1.1
Translocations | |  1.1

Action                   || total
-------------------------++-------
 Cast: Magic Dart        ||    22
Armor: Robe              ||     2
Dodge: Dodged            ||     5
